 Dungeon Crawl Stone Soup version 0.31-a0-1388-g4b2ba238e7 (webtiles) character file.

Game seed: 10794179004593259884

189 fireball365 the Chopper (level 5, -3/46 HPs)
             Began as a Hill Orc Fighter on Dec 24, 2023.
             Killed by divine providence
             ... invoked by an orc priest
              (12 damage)
             ... on level 4 of the Dungeon.
             The game lasted 00:03:23 (2991 turns).

fireball365 the Chopper (Hill Orc Fighter)          Turns: 2991, Time: 00:03:24

Health: -3/46      AC:  9    Str: 24    XL:     5   Next: 68%
Magic:  5/5        EV:  8    Int: 13    God:
Gold:   217        SH:  0    Dex: 10    Spells: 4/4 levels left

rFire   + . .        a - +0 war axe
rCold   x . .        c - +0 buckler
rNeg    . . .        r - +0 chain mail
rPois   .            (no helmet)
rElec   .            (no cloak)
rCorr   .            (no gloves)
SInv    .            (no boots)
Will    .....        (no amulet) Stlth
                     k - ring "Micih" {Fire Str+3 Int+5}
HPRegen 0.27/turn    (no ring)
MPRegen 0.09/turn

%: no passive effects
@: confused
A: no striking features
a: Convert to Beogh


You were on level 4 of the Dungeon.
You visited 1 branch of the dungeon, and saw 4 of its levels.

You collected 217 gold pieces.

Inventory:

Hand Weapons
 a - a +0 war axe (weapon)
Armour
 b - a +0 scale mail
 c - a +0 buckler (worn)
 r - a +0 chain mail (worn)
Jewellery
 k - the ring "Micih" (left hand) {Fire Str+3 Int+5}
   (You found it on level 2 of the Dungeon)

   [ring of fire]

   Fire:      It enhances your fire magic.
   Str+3:     It affects your strength (+3).
   Int+5:     It affects your intelligence (+5).
   rF+:       It protects you from fire.
   rC-:       It makes you vulnerable to cold.
Wands
 o - a wand of mindburst (7)
Scrolls
 e - a scroll of teleportation
 g - a scroll of blinking {unknown}
 j - a scroll of immolation {unknown}
 l - a scroll of enchant weapon {unknown}
 q - a scroll of acquirement {unknown}
 s - a scroll of enchant armour {unknown}
Potions
 d - a potion of might
 f - a potion of attraction {unknown}
 h - 3 potions of curing {unknown}
 i - 4 potions of haste
 n - a potion of brilliance {unknown}
 p - a potion of heal wounds {unknown}


   Skills:
 + Level 4.3 Fighting
 + Level 5.2 Axes
 + Level 4.4 Armour
 + Level 0.8 Dodging
 + Level 3.9 Shields


You had 4 spell levels left.
You didn't know any spells.
Your spell library was empty.

Dungeon Overview and Level Annotations

Branches:
Dungeon (4/15)
 Temple: D:4-7

Altars:
Cheibriados
Yredelemnul


Message History

The orc priest shouts, "Join the one true god or die!"
The orc priest threatens, "By the altar or by the axe, you will meet Beogh!"
The orc priest completely misses you. Something hits you.
Unknown command.
You closely miss something. You closely miss the orc priest.
You block the orc priest's attack. Something hits you but does no damage.
You closely miss something.
You hit the orc priest but do no damage.
The orc priest hits you but does no damage.
You hear some strange, mumbled words.
Something tries to affect you, but you resist.
You closely miss something. You barely miss the orc priest.
The orc priest hits you with a +0 club.
* * * LOW HITPOINT WARNING * * *
You block something's attack.
You miss something. You barely miss the orc priest.
The orc priest hits you but does no damage.
You hear some strange, mumbled words.
A magic dart appears from out of thin air!
The magic dart hits you but does no damage.
The orc priest hits you with a +0 club.
* * * LOW HITPOINT WARNING * * *
You hear some strange, mumbled words.
You are confused.
You bump into the rock wall.
The orc priest hits you with a +0 club.
* * * LOW HITPOINT WARNING * * *
Something hits you but does no damage. Something hits you but does no damage.
You bump into the rock wall.
The orc priest hits you but does no damage.
You hear some strange, mumbled words.
Something tries to affect you, but you resist.
You miss something. You barely miss the orc priest.
The orc priest shouts, "Beogh is our master!
Accept the truth or die!"
The orc priest barely misses you. Something hits you.
* * * LOW HITPOINT WARNING * * *
You barely miss something. You closely miss the orc priest.
The orc priest calls down the wrath of Beogh upon you.
Beogh smites you!
You die...

#...# ###.####
#......# #.#.##.#
#### #.#.##.# .
...# # #.##.###...
#..# #.#.##.......
#..## #.#.##.##.#..
#.@## #...<..##.#..
##{o#####.##†##....
##...# #.##.##.#.#
##...#.##..........
#..# +#..###
.####....>..
....###.....# .#
####....
#..#...##.##.#
####.
#............# #..
##.#(.#.....#.# #..


You could see an orc priest.

Vanquished Creatures
  An orc priest (D:3)
  A sleepcap (D:3)
  An orc wizard (D:3)
  3 adders (D:4)
  A worm (D:2)
  A dart slug (D:1)
  13 orcs
  5 ball pythons
  5 endoplasms
  6 giant cockroaches
  4 goblins
  2 hobgoblins
  6 jackals
  2 quokkas
  A bat (D:3)
  2 frilled lizards (D:3)
  3 kobolds
  3 rats (D:1)
60 creatures vanquished.

Notes
Turn   | Place    | Note
-------+----------+-------------------------------------------
     0 | D:1      | fireball365 the Hill Orc Fighter began the quest for the
                  | Orb.
     0 | D:1      | Reached XP level 1. HP: 19/19 MP: 1/1
   208 | D:1      | Reached XP level 2. HP: 27/27 MP: 2/2
   260 | D:1      | Found a faded altar of an unknown god.
   337 | D:1      | Reached skill level 3 in Axes
   763 | D:2      | Identified the +7 sling "Xonikk" {drain, rCorr}
   790 | D:2      | Identified the ring "Micih" {Fire Str+3 Int+5}
  1006 | D:2      | Reached XP level 3. HP: 27/33 MP: 3/3
  1612 | D:3      | Reached skill level 4 in Axes
  1612 | D:3      | Reached XP level 4. HP: 33/40 MP: 4/4
  1744 | D:3      | Reached XP level 5. HP: 35/46 MP: 5/5
  1929 | D:3      | Found a basalt altar of Yredelemnul.
  2070 | D:3      | Found a snail-covered altar of Cheibriados.
  2243 | D:3      | Reached skill level 5 in Axes
  2991 | D:4      | Killed from afar by an orc priest

Illustrated notes

Levels and vault maps discovered:
D:1:      scummos_arrival_simple_fountains, layout_basic,
          hellmonk_ecumenical_altar_leap_of_faith
D:2:      minmay_spotlight, layout_basic, minmay_fountain_box
D:3:      layout_basic, lemuel_crystal_altar, cheibriados_altar_1, minivault_25
D:4:      layout_loops_cross, nemelex_diamond_rough_becter,
          corexii_item_surrounded_by_moat, grunt_decor_fettered

Skill      XL: |  1  2  3  4  5 |
---------------+----------------+-----
Axes           | 3 4 5 |  5.2
Fighting       | 4 |  4.3
Armour         | 4 |  4.4
Dodging        | |  0.8
Shields        | |  3.9

Action                     |  1- 3 |  4- 6 || total
---------------------------+-------+-------++-------
  Melee: War axe           |    73 |    92 ||   165
    Use: Scroll            |     1 |     2 ||     3
 Armour: Scale mail        |    67 |     4 ||    71
         Chain mail        |       |    93 ||    93
  Dodge: Dodged            |    37 |    54 ||    91
  Block: Buckler           |    19 |    29 ||    48

Table legend: (Time is in decaauts)
 A = Elapsed time spent in this place.
 B = Non-inter-level travel time spent in this place.
 C = Inter-level travel time spent in this place.
 D = Time resting spent in this place.
 E = Time spent auto-exploring this place.
 F = Levels seen in this place.
 G = Mean time per level.
                   A        B        C        D        E       F      G
               +--------+--------+--------+--------+--------+-----+--------+
         Total |   3043 |   2996 |     47 |      0 |   2223 |   4 |  760.8 |
       Dungeon |   3043 |   2996 |     47 |      0 |   2223 |   4 |  760.8 |
               +--------+--------+--------+--------+--------+-----+--------+

Top non-repeatable levels by time:
     D:3: 1120 daAuts
     D:2: 865 daAuts
     D:1: 758 daAuts
     D:4: 299 daAuts
